 Dungeon Crawl Stone Soup version 0.20.1-1-g8b1a95d (webtiles) character file.

270 markt42 the Cudgeler (level 6, -9/38 HPs)
             Began as a Gargoyle Fighter on Oct 21, 2017.
             Killed by divine providence
             ... invoked by an orc priest
              (14 damage)
             ... on level 3 of the Dungeon.
             The game lasted 00:02:59 (2469 turns).

markt42 the Cudgeler (Gargoyle Fighter)             Turns: 2469, Time: 00:03:00

Health: -9/38      AC: 21    Str: 25    XL:     6   Next: 22%
Magic:  6/6        EV:  5    Int:  9    God:
Gold:   118        SH: 10    Dex: 10    Spells: 5/5 levels left

rFire    + + .     SeeInvis .   a - +1 flail
rCold    . . .     Gourm    .   c - +0 shield
rNeg     + . .     Faith    .   x - +3 plate armour {rF+}
rPois    ∞         Spirit   .   (no helmet)
rElec    +         Reflect  .   b - +0 cloak
rCorr    .         Harm     .   s - +0 pair of gloves
MR       .....                  (no boots)
Stlth    ..........             (no amulet)
Regen    0.2/turn               r - ring of protection from fire
MPRegen  0.1/turn               (no ring)

@: mighty, flying
A: negative energy resistance 1, electricity resistance, unbreathing,
petrification resistance, rot immunity, AC +4
a: no special abilities


You were on level 3 of the Dungeon.
You were hungry.

You visited 1 branch of the dungeon, and saw 3 of its levels.

You collected 118 gold pieces.

Inventory:

Hand Weapons
 a - a +1 flail (weapon)
Armour
 b - a +0 cloak (worn)
 c - a +0 shield (worn)
 s - a +0 pair of gloves (worn)
 x - a +3 plate armour of fire resistance (worn)
Jewellery
 r - a ring of protection from fire (left hand)
Scrolls
 g - a scroll of recharging {unknown}
 j - a scroll of enchant armour
 k - 3 scrolls of enchant weapon
 o - a scroll of remove curse
Potions
 d - 2 potions of might
 h - a potion of brilliance {unknown}
 m - a potion of heal wounds
 p - a potion of lignification {unknown}
 q - a potion of mutation {unknown}
 w - a potion of curing {unknown}
Comestibles
 f - a bread ration
 i - a meat ration
 n - 7 fruits


   Skills:
 + Level 3.7 Fighting
 * Level 4.6 Maces & Flails
 * Level 4.3 Armour
 + Level 0.8 Dodging
 + Level 4.2 Shields


You had 5 spell levels left.
You didn't know any spells.

Dungeon Overview and Level Annotations

Branches:
Dungeon (3/15)

Altars:
Sif Muna
Xom


Innate Abilities, Weirdness & Mutations

You are resistant to torment.
Your stone body is resilient. (AC +4)
You are immune to poison.
You resist negative energy. (rN+)
You are resistant to electric shocks. (rElec)
You can survive without breathing.
You are immune to petrification.
You are immune to rotting.


Message History

The goblin no longer looks unusually strong.
The goblin barely misses you. You block the hobgoblin's attack.
The goblin hits you.
You barely miss the hobgoblin.
The hobgoblin hits you but does no damage.
You block the goblin's attack. The hobgoblin barely misses you.
You sock the hobgoblin!
You kill the hobgoblin!
The goblin barely misses you.
The orc priest mumbles some strange prayers to Beogh against you.
Beogh smites you!
* * * LOW HITPOINT WARNING * * *
Your shield and plate armour prevent you from hitting the orc.
The orc hits you but does no damage. You block the goblin's attack.
The goblin hits you but does no damage.
You barely miss the orc. You block the orc's attack.
You block the goblin's attack.
The orc priest calls down the wrath of Beogh upon you.
Beogh smites you!
You die...

*************************
*,,,,,,...,,,,,,,,,,,,,,* ****
*,,,,,,..#***#.#*******.#
,,,***,,****#.# #.# *##.####
,,,,,,,,* #.# #.######.......
,,,,,,,,* #.# #.##...........
*,****,,* #.# ##.##...#.#.####
*,****.o#####o####.........#.*
,,,,,,.o....)o)o@gg........#.####
*,****####.###g###..............(
*,* *,**#.# ##.####.####.### *,*
*,,*#.# #.##.....##.### *,***
**,*#.# #.#.......#.... ,,,,*
*,*#.# #.#.......#..## *,*,*
*,*#.#**#....._......# *,*,*
*,*#..,...#....†..#..# *,*,*
*,*****#..#.......#.##


You could see an orc priest, 2 orcs and 3 goblins.

Vanquished Creatures
  Sigmund (D:3)
  Robin (D:3)
  2 adders (D:2)
  A worm (D:2)
  2 dart slugs
  4 leopard geckos
  A giant cockroach (D:1)
  12 goblins
  10 hobgoblins
  8 jackals
  A ball python (D:2)
  7 bats
  7 frilled lizards
  8 kobolds
  5 rats
70 creatures vanquished.

Notes
Turn   | Place    | Note
-------+----------+-------------------------------------------
     0 | D:1      | markt42 the Gargoyle Fighter began the quest for the Orb.
     0 | D:1      | Reached XP level 1. HP: 14/14 MP: 1/1
   113 | D:1      | Reached XP level 2. HP: 19/19 MP: 2/2
   557 | D:1      | Reached XP level 3. HP: 17/23 MP: 3/3
  1406 | D:2      | Found a shimmering altar of Xom.
  1607 | D:2      | Reached XP level 4. HP: 27/28 MP: 4/4
  1917 | D:2      | Found a faded altar of an unknown god.
  2206 | D:3      | Noticed Sigmund
  2248 | D:3      | Killed Sigmund
  2248 | D:3      | Reached XP level 5. HP: 30/32 MP: 5/5
  2248 | D:3      | Reached XP level 6. HP: 34/37 MP: 6/6
  2400 | D:3      | Found a deep blue altar of Sif Muna.
  2427 | D:3      | Noticed Robin
  2461 | D:3      | Killed Robin
  2469 | D:3      | Killed from afar by an orc priest

Skill      XL: |  1  2  3  4 |
---------------+-------------+-----
Maces & Flails | 3 4 |  4.6
Armour         | 4 |  4.3
Shields        | 4 |  4.2
Fighting       | |  3.7
Dodging        | |  0.8

Action                   |  1- 3 |  4- 6 || total
-------------------------+-------+-------++-------
Melee: Flail             |   200 |   145 ||   345
  Use: Scroll            |       |     7 ||     7
       Potion            |       |     3 ||     3
  Eat: Chunk             |     3 |     2 ||     5
Armor: Scale mail        |    56 |       ||    56
       Chain mail        |    76 |    78 ||   154
       Plate armour      |       |    87 ||    87
Dodge: Dodged            |    60 |    45 ||   105
Block: Shield            |   125 |   104 ||   229
